 Dungeon Crawl Stone Soup version 0.29-a0-876-gfc89b1a5bd (webtiles) character file.

Game seed: 1578108697061297059

1690 raph the Digger (level 9, -5/45 HPs)
             Began as a Gargoyle Earth Elementalist on July 19, 2022.
             Was an Initiate of Ashenzari.
             Slain by a wight
             ... wielding a +3 hand axe
              (9 damage)
             ... on level 6 of the Dungeon.
             The game lasted 00:10:25 (7060 turns).

raph the Digger (Gargoyle Earth Elementalist)       Turns: 7060, Time: 00:10:26

Health: -5/45      AC: 11    Str: 12    XL:     9   Next: 2%
Magic:  10/15      EV: 31    Int: 20    God:    Ashenzari [......]
Gold:   210        SH:  0    Dex: 10    Spells: 4/16 levels left

rFire   . . .      SeeInvis .   u - +0 morningstar
rCold   . . .      Faith    .   (no shield)
rNeg    + . .      Spirit   .   d - +0 robe
rPois   ∞          Reflect  .   h - +2 helmet
rElec   +          Harm     .   (no cloak)
rCorr   .          Rampage  .   (no gloves)
Will    .....                   (no boots)
Stlth   +++.......              x - amulet of the acrobat
HPRegen 0.15/turn               j - +4 ring of evasion
MPRegen 0.14/turn               (no ring)

@: acrobatic
A: sickness immunity, AC +6, negative energy resistance 1, electricity
resistance, torment resistance 1, petrification resistance
a: Renounce Religion


You were on level 6 of the Dungeon.
You worshipped Ashenzari.
Ashenzari was noncommittal.
You visited 1 branch of the dungeon, and saw 6 of its levels.

You collected 430 gold pieces.
You spent 220 gold pieces at shops.

Inventory:

Hand Weapons
 a - a +2 short sword of venom
 b - a +0 short sword of speed
 c - a +0 dagger of flaming
 u - a +0 morningstar (weapon)
Armour
 d - a +0 robe (worn)
 h - a +2 helmet (worn)
Jewellery
 j - a +4 ring of evasion (left hand)
 x - an amulet of the acrobat (around neck)
Wands
 r - a wand of polymorph (9)
 v - a wand of iceblast (26)
Scrolls
 l - 2 scrolls of blinking
 n - a scroll of fog
 w - a scroll of enchant weapon {unknown}
 y - 4 scrolls of identify
Potions
 e - 3 potions of flight
 f - 3 potions of mutation
 g - a potion of magic
 i - 5 potions of curing
 k - 3 potions of lignification
 m - 4 potions of heal wounds
 o - a potion of berserk rage
 p - a potion of attraction
 q - a potion of cancellation {unknown}
 s - 2 potions of brilliance
 t - a potion of might {unknown}
 z - 2 potions of haste {unknown}
 A - a potion of degeneration {unknown}


   Skills:
 + Level 3.7 Dodging
 + Level 5.1 Stealth
 + Level 4.0 Spellcasting
 * Level 4.6 Conjurations
 - Level 0.7 Transmutations
 * Level 4.5 Ice Magic
 * Level 7.8 Earth Magic


You had 4 spell levels left.
You knew the following spells:

 Your Spells              Type           Power      Damage    Failure   Level
a - Sandblast             Erth           70%        2d15      1%          1
b - Passwall              Tmut/Erth      17%        N/A       3%          2
c - Stone Arrow           Conj/Erth      58%        3d10      3%          3
d - Frozen Ramparts       Ice            44%        1d6       6%          3
e - Ozocubu's Armour      Ice            22%        N/A       6%          3

Your spell library contained the following spells:

 Spells                   Type           Power      Damage    Failure   Level
 Freeze                   Ice            88%        1d10      1%          1
 Magic Dart               Conj           88%        1d7       1%          1
 Searing Ray              Conj           44%        2d6       3%          2
 Summon Small Mammal      Summ           16%        N/A       13%         1
 Hailstorm                Conj/Ice       22%        3d7       19%         4
 Petrify                  Tmut/Erth      21%        N/A       22%         4
 Call Canine Familiar     Summ           4%         N/A       36%         3
 Portal Projectile        Hex/Tloc       8%         N/A       36%         3
 Summon Guardian Golem    Hex/Summ       4%         N/A       36%         3
 Tukima's Dance           Hex            4%         N/A       36%         3
 Fulminant Prism          Conj/Hex       6%         3d7       45%         4
 Passage of Golubria      Tloc           4%         N/A       77%         4
 Metabolic Englaciation   Hex/Ice        6%         N/A       80%         5
 Blade Hands              Tmut           3%         N/A       95%         5
 Yara's Violent Unravell  Hex/Tmut       2%         3d3       97%         5
 Simulacrum               Ice/Necr       6%         N/A       100%        6


Dungeon Overview and Level Annotations

Branches:
Dungeon (6/15)             Temple (0/1) D:6

Altars:
Ashenzari
Dithmenos
Elyvilon
Kikubaaqudgha

Shops:
D:4 !


Innate Abilities, Weirdness & Mutations

You are immune to sickness and miasma.
Your stone body is resilient. (AC +6)
You are immune to poison.
You resist negative energy. (rN+)
You are resistant to electric shocks. (rElec)
You are resistant to unholy torment.
You are immune to petrification.


Message History

Press: ? - help, Q - select action, (/) - cycle Shift-Dir - straight line, f/p - wight
Aim: a wight, wielding a +3 hand axe and wearing a +0 robe (moderately damaged, 82% to hit)
The blast of sand hits the wight!
The wight is almost destroyed.
The wight barely misses you. The wight hits you with a +3 hand axe!
Aiming: Sandblast (safe; 1% risk of failure)
Press: ? - help, Q - select action, (/) - cycle Shift-Dir - straight line, f/p - wight
Aim: a wight, wielding a +3 hand axe and wearing a +0 robe (almost destroyed, 82% to hit)
The blast of sand misses the wight.
The wight hits you with a +3 hand axe! The wight completely misses you.
Aiming: Sandblast (safe; 1% risk of failure)
Press: ? - help, Q - select action, (/) - cycle Shift-Dir - straight line, f/p - wight
Aim: a wight, wielding a +3 hand axe and wearing a +0 robe (almost destroyed, 82% to hit)
The blast of sand hits the wight but does no damage.
The wight is almost destroyed.
The wight misses you. The wight hits you but does no damage.
Aiming: Sandblast (safe; 1% risk of failure)
Press: ? - help, Q - select action, (/) - cycle Shift-Dir - straight line, f/p - wight
Aim: a wight, wielding a +3 hand axe and wearing a +0 robe (almost destroyed, 82% to hit)
The blast of sand misses the wight.
The wight hits you with a +3 hand axe. The wight closely misses you.
The wight hits you but does no damage. The wight hits you with a +3 battleaxe.
Aiming: Sandblast (safe; 1% risk of failure)
Press: ? - help, Q - select action, (/) - cycle Shift-Dir - straight line, f/p - wight
Aim: a wight, wielding a +3 hand axe and wearing a +0 robe (almost destroyed, 82% to hit)
The blast of sand misses the wight.
The wight misses you. The wight hits you with a +3 battleaxe!
The wight completely misses you. x2
Aiming: Sandblast (safe; 1% risk of failure)
Press: ? - help, Q - select action, (/) - cycle Shift-Dir - straight line, f/p - wight
Aim: a wight, wielding a +3 hand axe and wearing a +0 robe (almost destroyed, 82% to hit)
The blast of sand hits the wight but does no damage.
The wight is almost destroyed.
The wight completely misses you. The wight hits you with a +3 battleaxe.
The wight hits you with a +3 hand axe!
* * * LOW HITPOINT WARNING * * *
The wight closely misses you.
Okay, then.
The wight attacks as you move away! The wight hits you with a +3 hand axe!
You die...

#.########### #.# #.# #.#
.# #.# #########.##
##.############...........
..............).......>...
##.########.###...........
##.# #.#...@...$.$.# ...#
#.#.##zz....$.# ########
##.#.##........# ........
..#.##[.......# .#######
#.#.##........# .#
#...##........# .#
#...##........# .#
####...##........# .#
#....#.##........#


You could see 2 wights.

Vanquished Creatures
  Eustachio (D:6)
  A steam dragon (D:6)
  An orc warrior (D:6)
  An ice beast (D:5)
  A black bear (D:5)
  2 ogres
  Blork the orc (D:4)
  4 scorpions
  A necrophage (D:6)
  A wight (D:6)
  5 hounds
  A jelly (D:5)
  An orc priest (D:3)
  5 iguanas
  2 orc wizards (D:6)
  Robin (D:3)
  3 adders
  2 shadow imps (D:5)
  2 ufetubi
  2 worms
  A dart slug (D:4)
  22 orcs
  8 ball pythons
  2 bats
  4 endoplasms
  3 giant cockroaches
  11 goblins
  11 hobgoblins
  3 jackals (D:1)
  4 kobolds
  2 quokkas
  3 frilled lizards (D:1)
  5 rats
117 creatures vanquished.

Vanquished Creatures (others)
  28 fungi (D:5)
28 creatures vanquished.

Grand Total: 145 creatures vanquished

Notes
Turn   | Place    | Note
-------+----------+-------------------------------------------
     0 | D:1      | raph the Gargoyle Earth Elementalist began the quest for
                  | the Orb.
     0 | D:1      | Reached XP level 1. HP: 10/10 MP: 3/3
   458 | D:1      | Reached XP level 2. HP: 13/15 MP: 0/5
   545 | D:1      | Reached skill level 4 in Earth Magic
   648 | D:1      | Found a faded altar of an unknown god.
  1345 | D:2      | Learned a level 2 spell: Passwall
  1519 | D:2      | Reached XP level 3. HP: 19/19 MP: 3/6
  1523 | D:2      | Learned a level 3 spell: Stone Arrow
  2270 | D:2      | Reached XP level 4. HP: 16/24 MP: 1/7
  2531 | D:3      | Noticed Robin
  2546 | D:3      | Killed Robin
  2683 | D:3      | Reached skill level 5 in Earth Magic
  2689 | D:3      | Reached XP level 5. HP: 28/28 MP: 2/9
  3056 | D:3      | Identified the +1 leather armour of Tulips {Str-5 Int+3
                  | Dex+4 Stlth+}
  3258 | D:3      | Learned a level 3 spell: Frozen Ramparts
  3745 | D:4      | Found Uxoq's Distillery.
  3754 | D:4      | Bought a potion of curing for 30 gold pieces
  3754 | D:4      | Bought 2 potions of heal wounds for 100 gold pieces
  3754 | D:4      | Bought a potion of brilliance for 40 gold pieces
  3754 | D:4      | Bought a potion of heal wounds for 50 gold pieces
  4217 | D:4      | Reached skill level 1 in Ice Magic
  4217 | D:4      | Reached XP level 6. HP: 32/32 MP: 4/10
  4473 | D:4      | Noticed Blork the orc
  4506 | D:4      | Killed Blork the orc
  4639 | D:4      | Identified the +1 ring mail of Imperfection {Will+ Str+4
                  | Dex-5}
  4759 | D:5      | Entered Level 5 of the Dungeon
  4763 | D:5      | Noticed a black bear
  4765 | D:5      | Reached skill level 1 in Conjurations
  4765 | D:5      | Reached skill level 6 in Earth Magic
  4769 | D:4      | Reached XP level 7. HP: 19/36 MP: 4/11
  5072 | D:5      | Found an ancient bone altar of Kikubaaqudgha.
  5235 | D:5      | Found a white marble altar of Elyvilon.
  5492 | D:5      | Found a broken altar of Ashenzari.
  5495 | D:5      | Became a worshipper of Ashenzari the Shackled
  5666 | D:5      | Reached XP level 8. HP: 41/41 MP: 9/13
  5902 | D:6      | Found a shadowy altar of Dithmenos.
  5953 | D:6      | Reached skill level 7 in Earth Magic
  6042 | D:6      | Learned a level 3 spell: Ozocubu's Armour
  6058 | D:6      | Found a staircase to the Ecumenical Temple.
  6069 | D:6      | Noticed Eustachio
  6078 | D:6      | Killed Eustachio
  6785 | D:6      | Reached skill level 5 in Stealth
  7026 | D:6      | Reached XP level 9. HP: 45/45 MP: 12/15
  7060 | D:6      | Slain by a wight

Illustrated notes

Levels and vault maps discovered:
D:1:      sevenhm_arrival_forest_fort_large_4, layout_basic,
          nicolae_ecumenical_snake_handling, minmay_pentomino_o4
D:2:      minmay_door_path, layout_basic, minmay_increasing_density
D:3:      layout_loops_ring, uniq_robin
D:4:      layout_basic, serial_shops,
          nicolae_shop_temple_entry_statues_fountains, uniq_blork_the_orc
D:5:      layout_rooms, ashenzari_conservatory_becter, elyvilon_altar_5,
          kiku_gazebo_pond_becter, serial_aquarium, aquarium_bridge_island_large
          [aquarium_subvault_large_water, aquarium_subvault_bridge,
          aquarium_subvault_wall, aquarium_subvault_wall,
          aquarium_subvault_bridge], aquarium_bridge_long_joined
          [aquarium_subvault_wall, aquarium_subvault_bridge,
          aquarium_subvault_balcony, aquarium_subvault_window,
          aquarium_subvault_wall, aquarium_subvault_wall], aquarium_window_1,
          aquarium_window_2, aquarium_view_2b, aquarium_balcony_3a,
          aquarium_pool_double, st_stairs_6
D:6:      layout_basic, grunt_dithmenos_smoke_and_mirrors,
          minmay_temple_entry_trees, uniq_eustachio

Skill      XL: |  1  2  3  4  5  6  7  8 |
---------------+-------------------------+-----
Earth Magic    | 4 5 6 7 |  7.8
Dodging        | 2 3 |  3.7
Stealth        | 3 4 5 |  5.1
Ice Magic      | 1 2 3 4 |  4.5
Spellcasting   | 3 4 |  4.0
Conjurations   | 1 2 4 |  4.6
Transmutations | |  0.7

Action                   |  1- 3 |  4- 6 |  7- 9 || total
-------------------------+-------+-------+-------++-------
Melee: Dagger            |     6 |       |       ||     6
       Short sword       |     4 |    18 |       ||    22
       Punch             |       |     1 |       ||     1
       Morningstar       |       |       |    11 ||    11
 Cast: Sandblast         |    47 |    77 |    73 ||   197
       Frozen Ramparts   |       |     1 |     5 ||     6
       Stone Arrow       |       |     1 |       ||     1
  Use: Scroll            |     7 |     5 |     6 ||    18
       Potion            |       |     1 |     1 ||     2
Armor: Robe              |    21 |    39 |    17 ||    77
Dodge: Dodged            |    44 |    62 |    72 ||   178

Table legend: (Time is in decaauts)
 A = Elapsed time spent in this place.
 B = Non-inter-level travel time spent in this place.
 C = Inter-level travel time spent in this place.
 D = Time resting spent in this place.
 E = Time spent auto-exploring this place.
 F = Levels seen in this place.
 G = Mean time per level.
                   A        B        C        D        E       F      G
               +--------+--------+--------+--------+--------+-----+--------+
         Total |   7263 |   7094 |    169 |   1688 |   4329 |   6 | 1210.5 |
       Dungeon |   7263 |   7094 |    169 |   1688 |   4329 |   6 | 1210.5 |
               +--------+--------+--------+--------+--------+-----+--------+

Top non-repeatable levels by time:
     D:4: 1455 daAuts
     D:6: 1348 daAuts
     D:1: 1262 daAuts
     D:2: 1240 daAuts
     D:3: 1099 daAuts
     D:5: 857 daAuts
